 Dungeon Crawl Stone Soup version 0.31-a0-1570-g93c622d222 (webtiles) character file.

Game seed: 2551226057629975168

131 soylentgreeen202 the Sneak (level 5, 0/30 HPs)
             Began as a Kobold Brigand on Nov 10, 2023.
             Slain by Grinder (5 damage)
             ... on level 4 of the Dungeon on Jan 4, 2024.
             The game lasted 00:35:10 (3341 turns).

soylentgreeen202 the Sneak (Kobold Brigand)         Turns: 3341, Time: 00:35:11

Health: 0/30       AC:  8    Str:  7 (8)  XL:     5   Next: 37%
Magic:  5/5        EV: 14    Int: 10 (13) God:
Gold:   57         SH:  0    Dex: 17 (18) Spells: 4/4 levels left

rFire   . . .        a - +4 dagger
rCold   . . .        (no shield)
rNeg    . . .        b - +0 robe
rPois   .            (no helmet)
rElec   .            c - +1 cloak
rCorr   .            (no gloves)
SInv    .            (no boots)
Will    .....        (no amulet)
Stlth   +++          k - +4 ring of protection
HPRegen 0.25/turn    (no ring)
MPRegen 0.09/turn

%: no passive effects
@: confused, mighty, ambrosia-drunk
A: small, no large weapons, nightstalker 3
a: no special abilities


You were on level 4 of the Dungeon.
You visited 1 branch of the dungeon, and saw 4 of its levels.

You collected 147 gold pieces.
You spent 90 gold pieces at shops.

Inventory:

Hand Weapons
 a - a +4 dagger (weapon)
Missiles
 d - 11 poisoned darts
Armour
 b - a +0 robe (worn)
 c - a +1 cloak (worn)
 i - a +0 leather armour
 m - an orb of energy
Jewellery
 k - a +4 ring of protection (left hand)
Wands
 p - a wand of charming (8)
Scrolls
 j - a scroll of enchant weapon
 o - a scroll of identify


   Skills:
 - Level 2.1 Fighting
 + Level 4.0 Short Blades
 - Level 4.0 Throwing
 - Level 1.2 Dodging
 * Level 6.8 Stealth


You had 4 spell levels left.
You didn't know any spells.
Your spell library contained the following spells:

 Spells                   Type           Power      Damage    Failure   Level
 Magic Dart               Conj           0%         1d3       36%         1
 Blink                    Tloc           0%         N/A       50%         2
 Call Imp                 Summ           0%         N/A       50%         2
 Cigotuvi's Dreadful Rot  Necr/Alch/Air  0%         N/A       50%         2
 Ignite Poison            Fire/Alch      0%         N/A       98%         4
 Freezing Cloud           Conj/Ice/Air   0%         6-21      100%        5


Dungeon Overview and Level Annotations

Branches:
Dungeon (4/15)
 Temple: D:4-7

Altars:
Ashenzari
Fedhas
Gozag
Trog

Shops:
D:2 *

Annotations:
D:4 Grinder


Innate Abilities, Weirdness & Mutations

You are small and have problems with some larger weapons.
You are completely attuned to the shadows.


Message History

Grinder hits you but does no damage.
Okay, then.
Okay, then.
Throw: 2 darts (datura)
Press: ? - help, Q - select action, (/) - cycle Shift-Dir - straight line, f/p - Grinder
Aim: Grinder (58% to hit, chance to frenzy on hit: 64%)
You throw a datura-tipped dart.
The datura-tipped dart barely misses Grinder.
Throw: dart (datura)
Press: ? - help, Q - select action, (/) - cycle Shift-Dir - straight line, f/p - Grinder
Aim: Grinder (58% to hit, chance to frenzy on hit: 64%)
You throw a datura-tipped dart. The datura-tipped dart hits Grinder.
Grinder flies into a frenzy!
Grinder closely misses you. Grinder hits you!
You writhe in agony.
Press: ? - help, v - describe, . - travel, g - get item
Here: Grinder (fast, strong, frenzied and wild) Item here: a datura-tipped dart.
The floor.
You feel better. Grinder barely misses you.
You closely miss Grinder. Grinder hits you!
* * * LOW HITPOINT WARNING * * *
You writhe in agony.
* * * LOW HITPOINT WARNING * * *
You feel better. Grinder barely misses you. Grinder hits you.
You writhe in agony.
It was a potion of ambrosia.
You are confused.
You feel invigorated. Grinder hits you!
* * * LOW HITPOINT WARNING * * *
You are too confused!
It was a potion of degeneration.
There was something very wrong with that liquid.
You feel weakened.
You feel dopey.
You feel clumsy. Grinder barely misses you. Grinder completely misses you.
It was a potion of might.
You feel very mighty all of a sudden. Grinder hits you.
* * * LOW HITPOINT WARNING * * *
You writhe in agony.
You die...

........##
.........#
......>..##
......(...#
#.......#.##
##.....##..##
#....####.<#
##.###
##.###. ..
#@5(.( ####..
.


You could see the neutral Grinder (fast, strong, frenzied).

Vanquished Creatures
  3 gnolls (D:2)
  4 adders
  2 dart slugs
  2 orcs (D:3)
  7 ball pythons
  3 endoplasms
  A giant cockroach (D:1)
  7 goblins
  6 hobgoblins
  3 jackals (D:2)
  4 kobolds
  A quokka (D:1)
  2 bats
  13 frilled lizards
  5 rats
63 creatures vanquished.

Notes
Turn   | Place    | Note
-------+----------+-------------------------------------------
     0 | D:1      | soylentgreeen202 the Kobold Brigand began the quest for the
                  | Orb.
     0 | D:1      | Reached XP level 1. HP: 12/12 MP: 1/1
   212 | D:1      | Reached XP level 2. HP: 17/17 MP: 2/2
   264 | D:1      | Upgraded the game from 0.31-a0-986-g5e6e4ef867 to
                  | 0.31-a0-1074-g0b22e4e0f1
   315 | D:1      | Reached skill level 6 in Stealth
   641 | D:1      | Reached XP level 3. HP: 21/21 MP: 3/3
  1171 | D:2      | Reached XP level 4. HP: 26/26 MP: 4/4
  1492 | D:2      | Upgraded the game from 0.31-a0-1074-g0b22e4e0f1 to
                  | 0.31-a0-1206-g41278d8d1d
  2059 | D:2      | Found a faded altar of an unknown god.
  2226 | D:2      | Found Pecwas's General Store.
  2232 | D:2      | Bought a scroll of enchant weapon for 90 gold pieces
  2362 | D:3      | Reached XP level 5. HP: 30/30 MP: 5/5
  2432 | D:3      | Upgraded the game from 0.31-a0-1206-g41278d8d1d to
                  | 0.31-a0-1529-g7bd419a0e5
  2541 | D:3      | Upgraded the game from 0.31-a0-1529-g7bd419a0e5 to
                  | 0.31-a0-1549-g5ff9445e89
  3072 | D:3      | Found a broken altar of Ashenzari.
  3075 | D:3      | Found an opulent altar of Gozag.
  3075 | D:3      | Found a blossoming altar of Fedhas.
  3080 | D:3      | Upgraded the game from 0.31-a0-1549-g5ff9445e89 to
                  | 0.31-a0-1570-g93c622d222
  3080 | D:3      | Found a bloodstained altar of Trog.
  3329 | D:4      | Noticed Grinder
  3341 | D:4      | Slain by Grinder

Illustrated notes

Levels and vault maps discovered:
D:1:      roderic_crop_circles_arrival_small, layout_basic
D:2:      layout_loops_ring, dilly_ecumenical_altar_fadedgnrine, serial_shops,
          nicolae_lakefront_shop
D:3:      layout_basic, grunt_temple_overflow_open, dreamdust_princess_bridge,
          minmay_lizard_king
D:4:      layout_rooms, nzn_wu_jian_council_hall, xom_redecorated,
          minmay_temple_entry_drinking_statues, gammafunk_ghost_arena,
          uniq_grinder

Skill      XL: |  1  2  3  4  5 |
---------------+----------------+-----
Short Blades   | 3 4 |  4.0
Stealth        | 6 |  6.8
Throwing       | 3 4 |  4.0
Fighting       | |  2.1
Dodging        | |  1.2

Action                     |  1- 3 |  4- 6 || total
---------------------------+-------+-------++-------
  Melee: Dagger            |    56 |    90 ||   146
  Throw: Dart              |     8 |     6 ||    14
    Use: Scroll            |       |     9 ||     9
         Potion            |       |     5 ||     5
   Stab: Sleeping          |    15 |    18 ||    33
 Armour: Robe              |    16 |    19 ||    35
  Dodge: Dodged            |    29 |    43 ||    72

Table legend: (Time is in decaauts)
 A = Elapsed time spent in this place.
 B = Non-inter-level travel time spent in this place.
 C = Inter-level travel time spent in this place.
 D = Time resting spent in this place.
 E = Time spent auto-exploring this place.
 F = Levels seen in this place.
 G = Mean time per level.
                   A        B        C        D        E       F      G
               +--------+--------+--------+--------+--------+-----+--------+
         Total |   3312 |   2959 |    353 |    148 |   1140 |   4 |  828.0 |
       Dungeon |   3312 |   2959 |    353 |    148 |   1140 |   4 |  828.0 |
               +--------+--------+--------+--------+--------+-----+--------+

Top non-repeatable levels by time:
     D:1: 1168 daAuts
     D:2: 1076 daAuts
     D:3: 1016 daAuts
     D:4: 51 daAuts
